 Dungeon Crawl Stone Soup version 0.32-a0-433-g08bcfe7efd (webtiles) character file.

Game seed: 1538154249458144086

40 Bravepunisher the Ducker (level 3, 19/19 HPs)
             Began as a Spriggan Monk on Feb 22, 2024.
             Quit the game on level 6 of the Dungeon.
             The game lasted 00:02:05 (390 turns).

Bravepunisher the Ducker (Spriggan Monk)             Turns: 390, Time: 00:02:06

Health: 19/19      AC:  2    Str:  7    XL:     3   Next: 30%
Magic:  4/4        EV: 20    Int: 11    God:
Gold:   3          SH:  0    Dex: 19    Spells: 2/2 levels left

rFire   . . .        a - +0 short sword
rCold   . . .        (no shield)
rNeg    . . .        b - +0 robe
rPois   .            (helmet restricted)
rElec   .            (no cloak)
rCorr   .            (gloves unavailable)
SInv    +            (boots unavailable)
Will    .....        (no amulet)
Stlth   ++           (no ring)
HPRegen 0.23/turn    (no ring)
MPRegen 0.09/turn

%: no passive effects
@: very quick
A: very small, no large weapons, unfitting armour, see invisible, speed 3
a: no special abilities


You were on level 6 of the Dungeon.
You visited 1 branch of the dungeon, and saw 6 of its levels.

You collected 3 gold pieces.

Inventory:

Hand Weapons
 a - a +0 short sword (weapon)
Armour
 b - a +0 robe (worn)
Jewellery
 d - an amulet of faith
Wands
 e - a wand of mindburst (15)
Potions
 c - 2 potions of ambrosia
 f - a potion of cancellation {unknown}
 g - 2 potions of curing {unknown}


   Skills:
 + Level 2.9 Fighting
 - Level 3.2 Short Blades
 * Level 5.3 Dodging


You had 2 spell levels left.
You didn't know any spells.
Your spell library was empty.

Dungeon Overview and Level Annotations

Branches:
Dungeon (6/15)
 Temple: D:4-7

Altars:

Annotations:
D:2 Sigmund
D:5 Pikel
D:6 Jeremiah


Innate Abilities, Weirdness & Mutations

You are very small and have problems with some larger weapons.
You are too small for most types of armour.
You have supernaturally acute eyesight. (SInv)
You cover ground extremely quickly. (Speed+++)


Message History

Found a curved fluorescent wand.
Found a stone staircase leading up.
An orc comes into view. It is wielding a +0 dagger.
A howler monkey comes into view.
Found a scroll labelled DUINTEPTEA.
The orc shouts!
The howler monkey hoots and howls with incredible vigour!
You hear a shout! x2
A jelly comes into view.
A lemure comes into view.
A lemure comes into view. x3
The lemure moves out of view.
The lemure shouts!
The lemure shouts!
Pikel, Merchant of Souls comes into view.
He is wielding a +0 whip of flaming.
Found a chain mail.
e - a wand of mindburst (15)
There is a stone staircase leading down here.
You climb downwards.
There is a stone staircase leading up here.
c - 2 potions of ambrosia (gained 1)
A sky beast comes into view.
An orc comes into view. It is wielding a +0 dagger.
An ogre comes into view. It is wielding a +0 giant club.
You open the door.
The orc shouts!
You hear a shout!
An orc comes into view. It is wielding a +0 whip.
There is an open door here.
Found 2 fizzy brown potions.
Found a scroll labelled IXZAGO TYOLOYKH.
g - 2 fizzy brown potions An orc comes into view.
It is wielding a +0 whip.
Found 9 stones.
Jeremiah, Barachi Dreamer comes into view.
They are wielding a +4 trident of draining and wearing an orb of guile.
An orc comes into view. It is wielding a +0 hand axe.
You see here a scroll labelled IXZAGO TYOLOYKH.
You see here a scroll labelled IXZAGO TYOLOYKH.
The orc barely misses you.
You barely miss the orc. The orc misses you.
Are you sure you want to abandon this character and quit the game? (Confirm with "yes".)

##.###...#####.###.#
#.# #.......#
#.#.#.# #.# #####.##
##Y#.#.####.# #o#
#....#......#
#.#####..#o########
.o.b(....#?##
.......b.#.o#
......F.##.#
......b.o@.#
############


You could see Jeremiah and 2 orcs.

Vanquished Creatures
  A hound (D:5)
  3 orcs (D:3)
  A ball python (D:2)
  A bat (D:1)
  A goblin (D:3)
  A rat (D:3)
8 creatures vanquished.

Notes
Turn   | Place    | Note
-------+----------+-------------------------------------------
     0 | D:1      | Bravepunisher the Spriggan Monk began the quest for the
                  | Orb.
     0 | D:1      | Reached XP level 1. HP: 11/11 MP: 2/2
    40 | D:2      | Noticed Sigmund
   153 | D:3      | Reached XP level 2. HP: 6/16 MP: 3/3
   239 | D:4      | Noticed a phantom
   251 | D:5      | Entered Level 5 of the Dungeon
   271 | D:5      | Reached skill level 5 in Dodging
   271 | D:5      | Reached XP level 3. HP: 17/19 MP: 4/4
   299 | D:5      | Noticed a lemure
   302 | D:5      | Noticed a lemure
   302 | D:5      | Noticed a lemure
   302 | D:5      | Noticed a lemure
   304 | D:5      | Noticed Pikel
   359 | D:6      | Noticed a sky beast
   362 | D:6      | Noticed an ogre
   375 | D:6      | Noticed Jeremiah
   390 | D:6      | Quit the game

Illustrated notes

Levels and vault maps discovered:
D:1:      wander_arrival_fairy_ring, layout_basic,
          shapermc_ecumenical_altar_mp_urbaneastern, minmay_pentomino_w2
D:2:      layout_basic, uniq_sigmund, uniq_terence
D:3:      layout_basic, serial_shops, shop, gammafunk_ghost_mausoleum,
          chequers_serial_rivers_small_a
D:4:      gammafunk_steamed_eel, layout_cave_pools, grunt_gozag_breadcrumbs,
          hangedman_abyss_or_decor_stagger, uniq_edmund
D:5:      layout_loops_ring, mainiacjoe_overflow_chevrons,
          ebering_ghost_sewer_d, serial_shops, shop_statue, kennysheep_boxes,
          uniq_pikel, uniq_ijyb
D:6:      layout_basic, minmay_temple_entry_junction_2, uniq_jeremiah

Skill      XL: |  1  2 |
---------------+-------+-----
Dodging        | 5 |  5.3
Fighting       | |  2.9
Short Blades   | |  3.2

Action                     || total
---------------------------++-------
  Melee: Short sword       ||    48
    Use: Potion            ||     1
 Armour: Robe              ||    14
  Dodge: Dodged            ||    39

Table legend: (Time is in decaauts)
 A = Elapsed time spent in this place.
 B = Non-inter-level travel time spent in this place.
 C = Inter-level travel time spent in this place.
 D = Time resting spent in this place.
 E = Time spent auto-exploring this place.
 F = Levels seen in this place.
 G = Mean time per level.
                   A        B        C        D        E       F      G
               +--------+--------+--------+--------+--------+-----+--------+
         Total |    271 |    271 |      0 |      0 |     73 |   6 |   45.2 |
       Dungeon |    271 |    271 |      0 |      0 |     73 |   6 |   45.2 |
               +--------+--------+--------+--------+--------+-----+--------+

Top non-repeatable levels by time:
     D:3: 70 daAuts
     D:4: 50 daAuts
     D:5: 47 daAuts
     D:6: 43 daAuts
     D:2: 34 daAuts
     D:1: 25 daAuts
